 Dungeon Crawl Stone Soup version 0.31-a0-841-g038b102fc3 (webtiles) character file.

Game seed: 12434304348461235660

361 Dittersdorf the Trooper (level 6, -9/40 HPs)
             Began as a Gargoyle Fighter on Sept 27, 2023.
             Was an Initiate of Gozag.
             Mangled by an ice beast (11 damage)
             ... on level 5 of the Dungeon.
             The game lasted 00:04:11 (2907 turns).

Dittersdorf the Trooper (Gargoyle Fighter)          Turns: 2907, Time: 00:04:11

Health: -9/40      AC: 16    Str: 22    XL:     6   Next: 66%
Magic:  0/6        EV:  7    Int:  8    God:    Gozag
Gold:   333        SH:  8    Dex:  9    Spells: 5/5 levels left

rFire   . . .        a - +0 flail
rCold   . . .        v - +0 kite shield
rNeg    + . .        f - +0 chain mail {rPois}
rPois   ∞            u - +0 helmet
rElec   +            y - +0 cloak
rCorr   .            (no gloves)
SInv    .            (no boots)
Will    .....        w - amulet of guardian spirit Stlth
                     (no ring)
HPRegen 0.26/turn    (no ring)
MPRegen 0.10/turn

%: guardian spirit
@: no status effects
A: sickness immunity, AC +4, negative energy resistance 1, electricity
resistance, torment resistance 1, petrification resistance
a: Renounce Religion, Potion Petition, Call Merchant, Bribe Branch


You were on level 5 of the Dungeon.
You worshipped Gozag.
Gozag was aware of your devotion.
You visited 1 branch of the dungeon, and saw 5 of its levels.

You collected 368 gold pieces.
You paid 35 gold pieces to Gozag.

Inventory:

Hand Weapons
 a - a +0 flail (weapon)
Missiles
 s - 11 poisoned darts (quivered)
Armour
 e - a +0 plate armour
 f - a +0 chain mail of poison resistance (worn)
 u - a +0 helmet (worn)
 v - a +0 kite shield (worn)
 y - a +0 cloak (worn)
Jewellery
 w - an amulet of guardian spirit (around neck)
Wands
 t - a wand of paralysis (13)
 z - a wand of mindburst (12)
Scrolls
 b - a scroll of enchant armour {unknown}
 i - 3 scrolls of poison {unknown}
 j - 5 scrolls of identify {unknown}
 o - 2 scrolls of blinking {unknown}
 q - 2 scrolls of revelation {unknown}
 r - 4 scrolls of teleportation {unknown}
Potions
 c - a potion of berserk rage {unknown}
 d - 3 potions of might
 g - a potion of haste {unknown}
 h - a potion of magic {unknown}
 k - 3 potions of degeneration {unknown}
 l - 3 potions of curing {unknown}
 m - a potion of mutation {unknown}
 n - 2 potions of cancellation {unknown}
 p - 2 potions of heal wounds {unknown}
 x - 3 potions of lignification {unknown}


   Skills:
 + Level 4.9 Fighting
 + Level 3.8 Maces & Flails
 + Level 4.9 Armour
 + Level 4.8 Shields


You had 5 spell levels left.
You didn't know any spells.
Your spell library contained the following spells:

 Spells                   Type           Power      Damage    Failure   Level
 Stone Arrow              Conj/Erth      0%         3d7       100%        3
 Animate Armour           Summ/Erth      0%         N/A       100%        4
 Lehudib's Crystal Spear  Conj/Erth      0%         10d2      100%        8


Dungeon Overview and Level Annotations

Branches:
Dungeon (5/15)
 Temple: D:4-7

Altars:
Fedhas
Gozag
Hepliaklqana
Kikubaaqudgha
Uskayaw

Shops:
D:3 :   D:5 !

Annotations:
D:4 3 runed translucent doors, riojii's ghost, amateur DsSh


Innate Abilities, Weirdness & Mutations

You are immune to sickness and miasma.
Your stone body is resilient. (AC +4)
You are immune to poison.
You resist negative energy. (rN+)
You are resistant to electric shocks. (rElec)
You are resistant to unholy torment.
You are immune to petrification.


Message History

You closely miss the ice beast. The ice beast closely misses you.
You hit the ice beast.
The ice beast is lightly wounded.
The ice beast hits you but does no damage. x2
You hit the ice beast.
The ice beast is moderately wounded.
The ice beast hits you but does no damage.
You completely miss the ice beast.
The ice beast is moderately wounded.
The ice beast hits you but does no damage.
You closely miss the ice beast.
The ice beast is moderately wounded.
The ice beast barely misses you.
The ice beast hits you but does no damage.
You hit the ice beast.
The ice beast is moderately wounded.
The ice beast hits you. The ice beast freezes you!
* * * LOW HITPOINT WARNING * * *
You closely miss the ice beast.
The ice beast is moderately wounded.
The ice beast hits you but does no damage.
You closely miss the ice beast.
The ice beast is moderately wounded.
The ice beast hits you but does no damage. x2
You barely miss the ice beast.
The ice beast is moderately wounded.
The ice beast hits you but does no damage.
You closely miss the ice beast.
The ice beast is moderately wounded.
The ice beast hits you.
* * * LOW HITPOINT WARNING * * *
The ice beast freezes you.
* * * LOW HITPOINT WARNING * * *
You thump the ice beast!
The ice beast is severely wounded.
The ice beast completely misses you. The ice beast hits you.
* * * LOW HITPOINT WARNING * * *
The ice beast freezes you!
You die...
Your body crumbles into a pile of gold.

..#.....#......#...#........##
............##...............##
#................##...........#
#....##....#..>..#....###....##
....##....##.....#...### ....#
##.. #..#..##........#.#.....#
# #.....#........#...........#
...... .........#....^...####
#..... ..≈≈.§≈Y@/.....#... ....
..≈.≈.$≈....### .. ..##
≈.....§≈..#..# . ....
..._......#..... ....
≈§§...≈≈..#..... ....
.§≈§§..≈.....##.. ....
§≈§.≈≈......## #. ....
............. ....


You could see an ice beast.

Vanquished Creatures
  A phantom (D:4)
  A scorpion (D:4)
  A jelly (D:4)
  An orc priest (D:3)
  A sleepcap (D:5)
  3 adders
  A shadow imp (D:5)
  A white imp (D:5)
  3 worms
  A dart slug (D:3)
  5 orcs (D:3)
  11 ball pythons
  3 bats
  4 endoplasms
  2 giant cockroaches
  5 hobgoblins
  9 jackals
  2 quokkas
  2 frilled lizards
  8 goblins
  7 kobolds
  7 rats
79 creatures vanquished.

Notes
Turn   | Place    | Note
-------+----------+-------------------------------------------
     0 | D:1      | Dittersdorf the Gargoyle Fighter began the quest for the
                  | Orb.
     0 | D:1      | Reached XP level 1. HP: 14/14 MP: 1/1
   110 | D:1      | Reached XP level 2. HP: 10/19 MP: 2/2
   444 | D:1      | Reached XP level 3. HP: 23/24 MP: 3/3
  1172 | D:2      | Reached XP level 4. HP: 29/29 MP: 4/4
  1222 | D:2      | Found an ancient bone altar of Kikubaaqudgha.
  1603 | D:3      | Reached XP level 5. HP: 30/33 MP: 5/5
  1620 | D:3      | Found Vazoesso's Book Emporium.
  1662 | D:3      | Found a hazy altar of Hepliaklqana.
  1674 | D:3      | Found an opulent altar of Gozag.
  1741 | D:3      | Became a worshipper of Gozag Ym Sagoz the Greedy
  1877 | D:3      | Found an ancient bone altar of Kikubaaqudgha.
  2043 | D:4      | Noticed a phantom
  2051 | D:4      | Killed a phantom
  2052 | D:4      | Reached XP level 6. HP: 39/39 MP: 6/6
  2115 | D:4      | Found a runed translucent gate.
  2116 | D:4      | Found a runed translucent gate.
  2117 | D:4      | Found an opulent altar of Gozag.
  2117 | D:4      | Noticed a water moccasin
  2118 | D:4      | Found a runed translucent gate.
  2118 | D:4      | Noticed a steam dragon
  2119 | D:4      | Noticed riojii's ghost (amateur DsSh)
  2527 | D:4      | Found a blossoming altar of Fedhas.
  2636 | D:5      | Entered Level 5 of the Dungeon
  2718 | D:5      | Found Cuemnacs's Distillery.
  2885 | D:5      | Found a hide-covered altar of Uskayaw.
  2885 | D:5      | Noticed an ice beast
  2907 | D:5      | HP: 2/40 [ice beast (1)]
  2907 | D:5      | Mangled by an ice beast

Illustrated notes

Levels and vault maps discovered:
D:1:      sevenhm_arrival_forest_fort_large_2, layout_loops_ring
D:2:      layout_loops_ring, basic_altar, nicolae_the_louvre
D:3:      layout_rooms, lemuel_crystal_altar,
          mainiacjoe_overflow_catwalk_spiral, serial_shops,
          nicolae_book_shop_shelving
D:4:      layout_basic, fedhas_altar_decomposition, ebering_ghost_gozag
D:5:      layout_cave_pools, mainiacjoe_overflow_small_starburst,
          lemuel_temple_firewalk_b, nicolae_inconvenience_store,
          roderic_roman_lattice

Skill      XL: |  1  2  3  4 |
---------------+-------------+-----
Fighting       | 4 |  4.9
Armour         | 4 |  4.9
Shields        | 4 |  4.8
Maces & Flails | 3 |  3.8

Action                     |  1- 3 |  4- 6 || total
---------------------------+-------+-------++-------
  Melee: Flail             |   167 |   130 ||   297
 Armour: Scale mail        |    37 |       ||    37
         Chain mail        |   135 |   113 ||   248
  Dodge: Dodged            |    84 |    44 ||   128
  Block: Buckler           |    51 |    18 ||    69
         Kite shield       |       |    12 ||    12

Table legend: (Time is in decaauts)
 A = Elapsed time spent in this place.
 B = Non-inter-level travel time spent in this place.
 C = Inter-level travel time spent in this place.
 D = Time resting spent in this place.
 E = Time spent auto-exploring this place.
 F = Levels seen in this place.
 G = Mean time per level.
                   A        B        C        D        E       F      G
               +--------+--------+--------+--------+--------+-----+--------+
         Total |   2996 |   2784 |    212 |     38 |   2026 |   5 |  599.2 |
       Dungeon |   2996 |   2784 |    212 |     38 |   2026 |   5 |  599.2 |
               +--------+--------+--------+--------+--------+-----+--------+

Top non-repeatable levels by time:
     D:1: 838 daAuts
     D:4: 693 daAuts
     D:2: 680 daAuts
     D:3: 531 daAuts
     D:5: 252 daAuts
